 Dungeon Crawl Stone Soup version 0.31-a0-983-g7b6862f502 (webtiles) character file.

Game seed: 3669938027227023689

140 strawberryx3c the Ducker (level 5, -4/47 HPs)
             Began as a Gnoll Monk on Nov 2, 2023.
             Splashed by a jelly's acid (10 damage)
             ... on level 3 of the Dungeon.
             The game lasted 00:08:26 (3438 turns).

strawberryx3c the Ducker (Gnoll Monk)               Turns: 3438, Time: 00:08:26

Health: -4/47      AC:  3    Str: 12    XL:     5   Next: 23%
Magic:  7/7        EV: 14    Int: 10    God:
Gold:   208        SH:  0    Dex: 14    Spells: 6/6 levels left

rFire   . . .        l - +1 dagger (venom)
rCold   . . .        d - orb {light}
rNeg    . . .        k - +0 leather armour
rPois   .            (no helmet)
rElec   .            h - scarf {+Inv}
rCorr   .            (no gloves)
SInv    .            (no boots)
Will    .....        (no amulet)
Stlth   +            (no ring)
HPRegen 0.27/turn    (no ring)
MPRegen 0.10/turn

%: no passive effects
@: glowing
A: fangs 1, strong nose, distributed training
a: Evoke Invisibility


You were on level 3 of the Dungeon.
You visited 1 branch of the dungeon, and saw 4 of its levels.

You collected 208 gold pieces.

Inventory:

Hand Weapons
 a - a +0 spear
 l - a +1 dagger of venom (weapon)
Armour
 d - an orb of light (worn)
 h - a scarf of invisibility (worn)
 k - a +0 leather armour (worn)
Scrolls
 b - 4 scrolls of identify
 f - a scroll of amnesia
 g - a scroll of blinking
 j - a scroll of enchant weapon {unknown}
 m - a scroll of noise {unknown}
 n - a scroll of immolation {unknown}
 p - a scroll of fear {unknown}
 q - a scroll of teleportation {unknown}
Potions
 c - a potion of ambrosia
 e - 2 potions of attraction
 i - a potion of haste {unknown}
 o - a potion of berserk rage {unknown}
 r - a potion of lignification {unknown}


   Skills:
 + Level 6.7 Fighting
 + Level 1.4 Short Blades
 + Level 1.4 Long Blades
 + Level 1.4 Axes
 + Level 1.4 Maces & Flails
 + Level 6.7 Polearms
 + Level 1.4 Staves
 + Level 1.4 Ranged Weapons
 + Level 1.4 Throwing
 + Level 1.4 Armour
 + Level 6.7 Dodging
 + Level 1.4 Stealth
 + Level 1.4 Shields
 + Level 1.4 Unarmed Combat
 + Level 1.4 Spellcasting
 + Level 1.1 Conjurations
 + Level 1.1 Hexes
 + Level 1.1 Summonings
 + Level 1.1 Necromancy
 + Level 1.1 Translocations
 + Level 1.1 Transmutations
 + Level 1.1 Fire Magic
 + Level 1.1 Ice Magic
 + Level 1.1 Air Magic
 + Level 1.1 Earth Magic
 + Level 1.1 Poison Magic
 + Level 1.6 Invocations
 + Level 1.4 Evocations
 + Level 1.3 Shapeshifting


You had 6 spell levels left.
You didn't know any spells.
Your spell library contained the following spells:

 Spells                   Type           Power      Damage    Failure   Level
 Cigotuvi's Dreadful Rot  Necr/Pois/Air  6%         N/A       36%         2
 Ignite Poison            Fire/Tmut/Pois 3%         N/A       61%         3
 Freezing Cloud           Conj/Ice/Air   1%         6-21      100%        5


Dungeon Overview and Level Annotations

Branches:
Dungeon (4/15)
 Temple: D:4-7

Altars:
Gozag

Shops:
D:2 ?


Innate Abilities, Weirdness & Mutations

You have very sharp teeth.
Your uncanny sense of smell can sniff out nearby items.
Your experience applies equally to all skills.


Message History

There are monsters nearby!
A hobgoblin comes into view.
An orc comes into view. It is wielding a +0 war axe.
The jelly hits you. The acid corrodes you!
You are splashed with acid!
The orc barely misses you. The orc hits you with a +0 club.
The jelly misses you.
You climb upwards.
There is a stone staircase leading down here.
The orc hits you with a +0 club. The orc attacks as it pursues you!
The orc barely misses you. The orc attacks as it pursues you!
The orc hits you with a +0 club. The jelly attacks as it pursues you!
The jelly closely misses you.
There is an open door here.
The orc attacks as it pursues you! The orc hits you with a +0 club.
The orc hits you with a +0 club.
You barely miss the orc. You bite the orc, but do no damage.
The orc completely misses you.
You hit the orc but do no damage.
The orc is poisoned.
Your bite misses the orc. The orc closely misses you.
You hit the orc but do no damage.
You are no longer corroded.
The orc barely misses you.
You kill the orc!
The jelly hits you.
You are splashed with acid!
You hit the jelly.
Your hands burn!
* * * LOW HITPOINT WARNING * * *
The jelly is lightly wounded.
The jelly misses you.
You hit the jelly.
Your hands burn!
* * * LOW HITPOINT WARNING * * *
The jelly is lightly wounded.
The jelly hits you but does no damage.
You hit the jelly.
Your hands burn!
* * * LOW HITPOINT WARNING * * *
The jelly is heavily wounded.
The jelly closely misses you. The jelly attacks as it pursues you!
The jelly hits you.
* * * LOW HITPOINT WARNING * * *
You are splashed with acid!
You die...

######.#### #.# #.# #.#
#.# #.##### ### ##'##
#.....# #.#####...##
#####.# #....#.....##
#####.#### ..##.(......##
#....#...#
..##...>.....####...###..#
#..'...[.....o)J@..## ##.#
#.##.........####...###..#
#####.......## #..#.#.#.#
##.....## #.##..##.#
##...## #........# ##'##
####.##### #.# #.#
########.# #.#
.......#.###########.#


You could see a jelly and an orc.

Vanquished Creatures
  Natasha (twice) (D:3)
  2 adders (D:3)
  3 dart slugs
  6 orcs (D:3)
  4 ball pythons
  5 endoplasms
  3 giant cockroaches
  5 goblins
  7 hobgoblins
  4 jackals (D:1)
  A quokka (D:1)
  5 bats
  3 frilled lizards
  4 kobolds
  2 rats (D:1)
56 creatures vanquished.

Notes
Turn   | Place    | Note
-------+----------+-------------------------------------------
     0 | D:1      | strawberryx3c the Gnoll Monk began the quest for the Orb.
     0 | D:1      | Reached XP level 1. HP: 23/23 MP: 1/1
   213 | D:1      | Reached XP level 2. HP: 24/29 MP: 2/2
  1456 | D:1      | Reached XP level 3. HP: 34/35 MP: 3/3
  1766 | D:2      | Reached skill level 1 in Invocations
  1925 | D:2      | Found a faded altar of an unknown god.
  2065 | D:2      | Found Donemoym's Magic Scroll Shoppe.
  2217 | D:3      | Reached skill level 1 in Short Blades
  2217 | D:3      | Reached skill level 1 in Long Blades
  2217 | D:3      | Reached skill level 1 in Axes
  2217 | D:3      | Reached skill level 1 in Maces & Flails
  2217 | D:3      | Reached skill level 1 in Staves
  2217 | D:3      | Reached skill level 1 in Ranged Weapons
  2217 | D:3      | Reached skill level 1 in Throwing
  2217 | D:3      | Reached skill level 1 in Armour
  2217 | D:3      | Reached skill level 1 in Stealth
  2217 | D:3      | Reached skill level 1 in Shields
  2217 | D:3      | Reached skill level 1 in Unarmed Combat
  2217 | D:3      | Reached skill level 1 in Spellcasting
  2217 | D:3      | Reached skill level 1 in Evocations
  2289 | D:3      | Reached XP level 4. HP: 41/41 MP: 5/5
  2384 | D:3      | Reached skill level 1 in Shapeshifting
  2436 | D:3      | Found an opulent altar of Gozag.
  2765 | D:3      | Noticed Natasha
  2774 | D:3      | Killed Natasha
  2775 | D:3      | Reached skill level 1 in Conjurations
  2775 | D:3      | Reached skill level 1 in Hexes
  2775 | D:3      | Reached skill level 1 in Summonings
  2775 | D:3      | Reached skill level 1 in Necromancy
  2775 | D:3      | Reached skill level 1 in Translocations
  2775 | D:3      | Reached skill level 1 in Transmutations
  2775 | D:3      | Reached skill level 1 in Fire Magic
  2775 | D:3      | Reached skill level 1 in Ice Magic
  2775 | D:3      | Reached skill level 1 in Air Magic
  2775 | D:3      | Reached skill level 1 in Earth Magic
  2775 | D:3      | Reached skill level 1 in Poison Magic
  3162 | D:3      | Noticed Natasha
  3172 | D:3      | Killed Natasha
  3173 | D:3      | Reached XP level 5. HP: 39/47 MP: 5/7
  3438 | D:3      | Splashed by a jelly's acid

Illustrated notes

Levels and vault maps discovered:
D:1:      minmay_arrival_shattered_statue, layout_basic
D:2:      layout_rooms, shapermc_ecumenical_altar_mp_urbaneastern, serial_shops,
          shop
D:3:      layout_loops_corners, amcnicky_altar_gilded, minmay_misc_feat_alley,
          uniq_natasha
D:4:      layout_basic, serial_shops, nicolae_shop_drivethru

Skill      XL: |  1  2  3  4 |
---------------+-------------+-----
Invocations    | 1 |  1.6
Short Blades   | 1 |  1.4
Long Blades    | 1 |  1.4
Axes           | 1 |  1.4
Maces & Flails | 1 |  1.4
Staves         | 1 |  1.4
Ranged Weapons | 1 |  1.4
Throwing       | 1 |  1.4
Armour         | 1 |  1.4
Stealth        | 1 |  1.4
Shields        | 1 |  1.4
Unarmed Combat | 1 |  1.4
Spellcasting   | 1 |  1.4
Evocations     | 1 |  1.4
Shapeshifting  | 1 |  1.3
Conjurations   | 1 |  1.1
Hexes          | 1 |  1.1
Summonings     | 1 |  1.1
Necromancy     | 1 |  1.1
Translocations | 1 |  1.1
Transmutations | 1 |  1.1
Fire Magic     | 1 |  1.1
Ice Magic      | 1 |  1.1
Air Magic      | 1 |  1.1
Earth Magic    | 1 |  1.1
Poison Magic   | 1 |  1.1
Fighting       | |  6.7
Polearms       | |  6.7
Dodging        | |  6.7

Action                     |  1- 3 |  4- 6 || total
---------------------------+-------+-------++-------
  Melee: Spear             |    81 |       ||    81
         Bite              |    15 |     8 ||    23
         Dagger            |    54 |    53 ||   107
    Use: Scroll            |     3 |       ||     3
 Armour: Robe              |    19 |       ||    19
         Leather armour    |    30 |    31 ||    61
  Dodge: Dodged            |    66 |    40 ||   106

Table legend: (Time is in decaauts)
 A = Elapsed time spent in this place.
 B = Non-inter-level travel time spent in this place.
 C = Inter-level travel time spent in this place.
 D = Time resting spent in this place.
 E = Time spent auto-exploring this place.
 F = Levels seen in this place.
 G = Mean time per level.
                   A        B        C        D        E       F      G
               +--------+--------+--------+--------+--------+-----+--------+
         Total |   3426 |   3365 |     61 |   1065 |   1292 |   4 |  856.5 |
       Dungeon |   3426 |   3365 |     61 |   1065 |   1292 |   4 |  856.5 |
               +--------+--------+--------+--------+--------+-----+--------+

Top non-repeatable levels by time:
     D:1: 1716 daAuts
     D:3: 1232 daAuts
     D:2: 474 daAuts
     D:4: 3 daAuts
